 Dungeon Crawl Stone Soup version 0.17-a0-1510-gb3fb22e (webtiles) character file.

1489 urechis the Covert (level 9, -4/56 HPs)
             Began as a Kobold Berserker on July 11, 2015.
             Was an Elder of Trog.
             Slain by an orc warrior
             ... wielding a +0 dire flail
              (17 damage)
             ... on level 6 of the Dungeon.
             The game lasted 00:15:57 (5138 turns).

urechis the Covert (Kobold Berserker)               Turns: 5138, Time: 00:15:57

Health: -4/56      AC:  5    Str: 16    XL:     9   Next: 7%
Magic:  9/9        EV: 15    Int:  5    God:    Trog [****..]
Gold:   188        SH:  0    Dex: 18    Spells: 0 memorised, 8 levels left

rFire  . . .     SeeInvis +     a - +2 dagger (speed)
rCold  . . .     Clarity  .     u - +0 leather armour
rNeg   . . .     SustAt   .     (shield restricted)
rPois  .         Gourm    .     s - +0 helmet
rElec  .         Spirit   .     (no cloak)
rCorr  .         Warding  .     g - +0 pair of gloves
rMut   .         Stasis   .     (no boots)
MR     ++...                    (no amulet)
Stlth  +++++.....               (no ring)
                                f - ring of see invisible

@: exhausted, regenerating, very resistant to hostile enchantments, quite
stealthy
A: carnivore 3
a: Burn Spellbooks, Berserk, Trog's Hand, Brothers in Arms, Renounce Religion


You were on level 6 of the Dungeon.
You worshipped Trog.
Trog was greatly pleased with you.
You were full.

You visited 1 branch of the dungeon, and saw 6 of its levels.

You collected 188 gold pieces.

Inventory:

Hand weapons
 a - a +2 dagger of speed (weapon)
 b - a +0 blowgun
 w - a +2 dagger of holy wrath
Missiles
 m - 25 poisoned needles
 G - 5 tomahawks (quivered)
Armour
 g - a +0 pair of gloves (worn)
 s - a +0 helmet (worn)
 u - a +0 leather armour (worn)
 J - a +0 scale mail of fire resistance
 K - a cursed +0 buckler
Jewellery
 f - a ring of see invisible (left hand)
Magical devices
 H - a wand of enslavement (9)
 I - a wand of slowing (26)
Scrolls
 h - 2 scrolls of blinking {unknown}
 k - 3 scrolls of magic mapping {unknown}
 l - 7 scrolls of identify {unknown}
 n - a scroll of random uselessness {unknown}
 p - a scroll of noise {unknown}
 r - 3 scrolls of remove curse {unknown}
 x - 2 scrolls of enchant armour {unknown}
 y - a scroll of enchant weapon {unknown}
 C - a scroll of fear {unknown}
 D - a scroll of vulnerability {unknown}
 E - a scroll of teleportation {unknown}
Potions
 d - 4 potions of lignification {unknown}
 e - 3 potions of haste
 i - 5 potions of brilliance {unknown}
 j - 2 potions of ambrosia {unknown}
 o - 2 potions of heal wounds {unknown}
 q - 2 potions of invisibility {unknown}
 t - a potion of curing {unknown}
 z - 2 potions of agility {unknown}
 A - 2 potions of flight {unknown}
 B - a potion of resistance {unknown}
 F - a potion of cancellation {unknown}
Comestibles
 c - 2 meat rations
 v - 2 beef jerkies
 L - 2 slices of pizza


   Skills:
 + Level 6.9 Fighting
 + Level 8.2 Short Blades
 - Level 1.5 Armour
 - Level 2.4 Dodging
 - Level 10.1 Stealth


You had 8 spell levels left.
You didn't know any spells.

Dungeon Overview and Level Annotations

Branches:
Dungeon (6/15)             Temple (0/1) D:5

Altars:
Cheibriados
Fedhas
Gozag
Nemelex Xobeh
Okawaru
Qazlal


Innate Abilities, Weirdness & Mutations

You are small and have problems with some larger weapons.
You are carnivorous and can eat meat at any time.


Message History

The orc warrior is lightly wounded.
The orc priest misses you.
You closely miss the orc priest. The orc priest hits you with a club.
You hit the orc priest.
The orc priest is lightly wounded.
The orc warrior hits you with a dire flail.
You hit the orc priest.
The orc priest is moderately wounded.
You hit the orc priest.
The orc priest is heavily wounded.
The orc priest invokes the aid of Beogh against you.
Something smites you!
* * * LOW HITPOINT WARNING * * *
You hear a shout!
Use which ability? (? or * to list) You're too exhausted to go berserk.
You hit the orc priest.
The orc priest is severely wounded.
The orc warrior hits you with a dire flail!
You die...

##.....# ##..#...#
..####...#...#
#.o..%...#..##
..oo........##
#...####...## ...
#...## .. #...o##
. #..##@##
#..###o# #..###o#
#...#.## .##
##....o#
......#####..###.#
............## ###
............#
...........##


You could see an orc warrior, an orc priest and an orc.

Vanquished Creatures
  Grinder (D:4)
  Sigmund (D:4)
  Edmund (D:4)
  Duvessa (D:5)
  2 ogres
  An ice beast (D:6)
  An orc warrior (D:3)
  A giant frog (D:6)
  Dowan (D:5)
  A wight (D:6)
  A jelly (D:5)
  An orc priest (D:3)
  An orc wizard (D:6)
  3 worker ants
  A hound zombie (D:4)
  A worker ant zombie (D:5)
  5 adders
  7 gnolls
  A shadow imp (D:5)
  3 worms
  The ghost of Eleanoora the Caller, a weakling HuSu (D:4)
  16 orcs
  A ball python (D:3)
  A bat zombie (D:5)
  4 giant cockroaches
  4 hobgoblins
  11 jackals
  3 quokkas
  13 bats
  2 giant geckos
  2 giant newts
  7 goblins
  12 kobolds
  9 rats
121 creatures vanquished.

Vanquished Creatures (others)
  A ball python (D:1)
1 creature vanquished.

Grand Total: 122 creatures vanquished

Notes
Turn   | Place    | Note
--------------------------------------------------------------
     0 | D:1      | urechis the Kobold Berserker began the quest for the Orb.
     0 | D:1      | Reached XP level 1. HP: 14/14 MP: 1/1
    61 | D:1      | Reached skill level 1 in Stealth
   186 | D:1      | Reached XP level 2. HP: 16/19 MP: 2/2
   490 | D:1      | Acquired Trog's second power
   647 | D:2      | Reached XP level 3. HP: 23/23 MP: 3/3
   881 | D:2      | Reached XP level 4. HP: 18/28 MP: 4/4
  1179 | D:2      | Reached skill level 5 in Stealth
  1321 | D:3      | Noticed an orc warrior
  1634 | D:3      | Killed an orc warrior
  1634 | D:3      | Reached skill level 7 in Stealth
  1634 | D:3      | Reached XP level 5. HP: 32/32 MP: 5/5
  1662 | D:3      | Reached XP level 6. HP: 31/37 MP: 6/6
  1942 | D:3      | Reached skill level 8 in Stealth
  2546 | D:4      | Noticed Eleanoora's ghost (weakling HuSu)
  2565 | D:4      | Killed Eleanoora's ghost
  2611 | D:4      | Reached skill level 9 in Stealth
  2650 | D:4      | Found a stormy altar of Qazlal.
  2758 | D:4      | Noticed Sigmund
  2771 | D:4      | Killed Sigmund
  2771 | D:4      | Reached skill level 10 in Stealth
  2771 | D:4      | Reached XP level 7. HP: 41/41 MP: 7/7
  2837 | D:4      | Found an opulent altar of Gozag.
  3207 | D:4      | Noticed Grinder
  3225 | D:4      | Killed Grinder
  3225 | D:4      | Reached skill level 5 in Short Blades
  3225 | D:4      | Reached XP level 8. HP: 48/48 MP: 8/8
  3344 | D:4      | Found an iron altar of Okawaru.
  3345 | D:4      | Found a sparkling altar of Nemelex Xobeh.
  3398 | D:4      | Found a blossoming altar of Fedhas.
  3400 | D:4      | Found a snail-covered altar of Cheibriados.
  3570 | D:5      | Entered Level 5 of the Dungeon
  3620 | D:5      | Noticed Edmund
  3651 | D:4      | Killed Edmund
  3651 | D:4      | Reached skill level 5 in Fighting
  4329 | D:5      | Noticed Duvessa
  4329 | D:5      | Noticed Dowan
  4357 | D:5      | Found a staircase to the Ecumenical Temple.
  4361 | D:5      | Killed Dowan
  4379 | D:5      | Killed Duvessa
  4379 | D:5      | Acquired Trog's third power
  4982 | D:6      | Reached XP level 9. HP: 43/56 MP: 9/9
  5138 | D:6      | Slain by an orc warrior

Vault maps used:
D:1:      shiori_arrival_oz, due_unseen_surprise
D:4:      nicolae_overflow_hidden_temple, grunt_qazlal_sundering,
          lemuel_round_altar, uniq_grinder, uniq_sigmund
D:5:      minmay_temple_entry_glass, first_bread, uniq_edmund, uniq_duvessa
D:6:      minitemple

Action                   |  1- 3 |  4- 6 |  7- 9 || total
-------------------------+-------+-------+-------++-------
Melee: Short sword       |    35 |       |       ||    35
       Dagger            |    90 |   177 |   236 ||   503
Invok: Berserk           |     2 |     4 |     8 ||    14
       Trog's Hand       |       |     3 |     2 ||     5
 Stab: Sleeping          |     4 |    10 |     5 ||    19
       Distracted        |       |       |     1 ||     1
  Eat: Chunk             |     8 |    11 |    15 ||    34
